 Dungeon Crawl Stone Soup version 0.31-a0-246-g8cbcc1cb85 (webtiles) character file.

Game seed: 2853124953613241383

83 cforsyth the Changeling (level 4, -4/23 HPs)
             Began as an Ogre Shapeshifter on July 13, 2023.
             Slain by an orc
             ... wielding a +0 short sword
              (5 damage)
             ... on level 3 of the Dungeon.
             The game lasted 00:02:47 (1493 turns).

cforsyth the Changeling (Ogre Shapeshifter)         Turns: 1493, Time: 00:02:48

Health: -4/23      AC:  1    Str: 21    XL:     4   Next: 44%
Magic:  4/4        EV:  9    Int:  9    God:
Gold:   108        SH:  0    Dex:  9    Spells: 3/3 levels left

rFire   . .          .
                       - Unarmed
rCold   . . .        (no shield)
rNeg    . . .        a - melded +0 animal skin
rPois   .            (helmet restricted)
rElec   .            (no cloak)
rCorr   .            (gloves unavailable)
SInv    .            (boots unavailable)
Will    .....        (no amulet)
Stlth   +            (no ring)
HPRegen 0.23/turn    (no ring)
MPRegen 0.09/turn

%: no passive effects
@: maw-form
A: devouring maw, reduced hp, large, unfitting armour, tough skin 1
a: no special abilities


You were on level 3 of the Dungeon.
You were a creature with a mouth for a stomach.
You visited 1 branch of the dungeon, and saw 3 of its levels.

You collected 108 gold pieces.

Inventory:

Missiles
 h - a throwing net
Armour
 a - a +0 animal skin (melded)
Talismans
 c - a beast talisman
 j - a maw talisman
Scrolls
 e - a scroll of revelation {unknown}
 f - 4 scrolls of identify {unknown}
 g - a scroll of fog {unknown}
 k - 2 scrolls of teleportation {unknown}
Potions
 b - a potion of lignification
 d - a potion of heal wounds {unknown}
 i - a potion of degeneration {unknown}
 l - a potion of invisibility {unknown}


   Skills:
 - Level 2.6 Fighting
 - Level 1.7 Dodging
 - Level 2.2 Unarmed Combat
 + Level 4.4 Shapeshifting


You had 3 spell levels left.
You didn't know any spells.
Your spell library contained the following spells:

 Spells                   Type           Power      Damage    Failure   Level
 Sting                    Tmut/Pois      0%         1d3       38%         1
 Poisonous Vapours        Pois/Air       0%         N/A       52%         2
 Olgreb's Toxic Radiance  Pois           0%         N/A       99%         4


Dungeon Overview and Level Annotations

Branches:
Dungeon (3/15)

Altars:
Ru


Innate Abilities, Weirdness & Mutations

You are a creature with a mouth for a stomach.
Your midsection houses a second, enormous mouth.
Your maximum health is decreased, since you lack skill for your form.
You are too large for most types of armour.
You have tough skin. (AC +1)


Message History

The orc hits you with a +0 club.
You see here 6 gold pieces.
You hit the orc. You bite the orc.
The orc is heavily wounded.
The orc hits you with a +0 club. The orc closely misses you.
You hit the orc.
You devour the orc!
You feel better.
You kill the orc!
The orc hits you with a +0 club.
You hit the orc but do no damage. The orc closely misses you.
The orc hits you with a +0 short sword.
You hit the orc.
The orc is heavily wounded.
The orc hits you with a +0 short sword. The orc hits you with a +0 club.
You are too injured to fight recklessly!
You are too injured to fight recklessly!
You are too injured to fight recklessly!
You are too injured to fight recklessly!
You are too injured to fight recklessly!
The orc attacks as you move away! The orc hits you with a +0 short sword.
The orc attacks as you move away! The orc barely misses you.
The orc attacks as you move away! The orc hits you with a +0 club.
* * * LOW HITPOINT WARNING * * *
The orc attacks as you move away! The orc barely misses you.
You hit the orc. You bite the orc, but do no damage.
The orc is heavily wounded.
The orc hits you but does no damage.
You punch the orc!
You devour the orc!
You feel better.
You kill the orc!
You hit the orc. You bite the orc, but do no damage.
The orc is severely wounded.
The orc hits you with a +0 short sword.
* * * LOW HITPOINT WARNING * * *
You hit the orc but do no damage. Your bite misses the orc.
The orc is severely wounded.
The orc hits you with a +0 short sword.
* * * LOW HITPOINT WARNING * * *
You hit the orc but do no damage.
The orc is severely wounded.
The orc hits you with a +0 short sword.
You die...

##.# #... #..#
#..# #!.#
#.###).#
#.....$#
########o###
.......W..)#
########.#.#
#.#.# #####.# #
#... #.....#
... #.##### #..
##.# ##.#######
#..#
.........###.##


You could see an orc.

Vanquished Creatures
  Terence (D:2)
  An adder (D:2)
  A worm (D:2)
  2 dart slugs
  3 orcs (D:3)
  4 ball pythons
  3 endoplasms
  4 goblins
  6 hobgoblins
  6 bats
  2 frilled lizards (D:2)
  A kobold (D:2)
  2 rats (D:2)
36 creatures vanquished.

Notes
Turn   | Place    | Note
-------+----------+-------------------------------------------
     0 | D:1      | cforsyth the Ogre Shapeshifter began the quest for the Orb.
     0 | D:1      | Reached XP level 1. HP: 22/22 MP: 1/1
   227 | D:1      | Reached XP level 2. HP: 27/29 MP: 2/2
   704 | D:2      | Reached XP level 3. HP: 16/36 MP: 3/3
   705 | D:2      | Noticed Terence
   714 | D:2      | Killed Terence
   715 | D:2      | Reached skill level 4 in Shapeshifting
  1013 | D:2      | Reached XP level 4. HP: 23/44 MP: 4/4
  1329 | D:3      | Found a sacrificial altar of Ru.
  1492 | D:3      | HP: 1/23 [orc/+0 short sword (3)]
  1493 | D:3      | Slain by an orc

Illustrated notes

Levels and vault maps discovered:
D:1:      grunt_arrival_crossed_arrows, layout_rooms
D:2:      layout_basic, uniq_terence
D:3:      layout_basic, nicolae_ru_great_annihilating_truth,
          gammafunk_ghost_necromancy, nicolae_concentric_dashed_squares_wild,
          minmay_diced_spiral

Skill      XL: |  1  2  3 |
---------------+----------+-----
Unarmed Combat | 2 |  2.2
Shapeshifting  | 4 |  4.4
Fighting       | |  2.6
Dodging        | |  1.7

Action                     |  1- 3 |  4- 6 || total
---------------------------+-------+-------++-------
  Melee: Unarmed           |    53 |    22 ||    75
         Maw               |     9 |     8 ||    17
         Punch             |     2 |       ||     2
   Stab: Paralysed         |       |     1 ||     1
         Sleeping          |       |     1 ||     1
 Armour: Animal skin       |     1 |       ||     1
         Skin              |     1 |     2 ||     3
  Dodge: Dodged            |    21 |    10 ||    31
   Form: Maw               |     1 |       ||     1

Table legend: (Time is in decaauts)
 A = Elapsed time spent in this place.
 B = Non-inter-level travel time spent in this place.
 C = Inter-level travel time spent in this place.
 D = Time resting spent in this place.
 E = Time spent auto-exploring this place.
 F = Levels seen in this place.
 G = Mean time per level.
                   A        B        C        D        E       F      G
               +--------+--------+--------+--------+--------+-----+--------+
         Total |   1489 |   1397 |     92 |      0 |   1177 |   3 |  496.3 |
       Dungeon |   1489 |   1397 |     92 |      0 |   1177 |   3 |  496.3 |
               +--------+--------+--------+--------+--------+-----+--------+

Top non-repeatable levels by time:
     D:2: 656 daAuts
     D:1: 555 daAuts
     D:3: 278 daAuts
